 Dungeon Crawl Stone Soup version 0.26.1-11-gd32895ea62 (webtiles) character file.

Game seed: 5791022947081667832

48 nothank2 the Slasher (level 3, 0/29 HPs)
             Began as a Demonspawn Abyssal Knight on July 7, 2021.
             Was a Follower of Lugonu.
             Killed from afar by Sigmund (4 damage)
             ... with a puff of flame
             ... on level 2 of the Dungeon.
             The game lasted 00:03:05 (1043 turns).

nothank2 the Slasher (Demonspawn Abyssal Knight)    Turns: 1043, Time: 00:03:06

Health: 0/29       AC: 12    Str: 13    XL:     3   Next: 50%
Magic:  3/4        EV:  3    Int: 13    God:    Lugonu [*.....]
Gold:   69         SH:  0    Dex: 12    Spells: 2/2 levels left

rFire    . . .     SeeInvis +   a - +1 falchion
rCold    . . .     Faith    .   (no shield)
rNeg     . . .     Spirit   .   h - +0 plate armour
rPois    .         Reflect  .   (helmet restricted)
rElec    .         Harm     .   (no cloak)
rCorr    .         Rampage  .   (no gloves)
Will     .....                  (no boots)
Stlth    ..........             (no amulet)
HPRegen  0.09/turn              (no ring)
MPRegen  0.09/turn              (no ring)

@: no status effects
A: antennae 1, beak, talons 1, molten scales 1, see invisible
a: Renounce Religion, Depart the Abyss


You were on level 2 of the Dungeon.
You worshipped Lugonu.
Lugonu was aware of your devotion.
You visited 1 branch of the dungeon, and saw 2 of its levels.
You visited the Abyss 1 time.

You collected 69 gold pieces.

Inventory:

Hand Weapons
 a - a +1 falchion (weapon)
Armour
 b - a +0 leather armour
 h - a +0 plate armour (worn)
Scrolls
 d - a scroll of identify {unknown}
 g - a scroll of remove curse {unknown}
 i - a scroll of fog {unknown}
Potions
 e - a potion of heal wounds {unknown}
 j - a potion of resistance


   Skills:
 - Level 3.0 Fighting
 + Level 3.6 Long Blades
 - Level 1.7 Armour
 - Level 0.8 Dodging
 - Level 2.4 Invocations


You had 2 spell levels left.
You didn't know any spells.
Your spell library was empty.

Dungeon Overview and Level Annotations

Branches:
Dungeon (2/15)

Altars:

Annotations:
D:2 Sigmund


Innate Abilities, Weirdness & Mutations

You have a pair of small antennae on your head.
You are partially covered in molten scales. (AC +2)
You have a beak for a mouth.
You have sharp toenails.
You have supernaturally acute eyesight. (SInv)


Message History

You hear a zap.
A puff of flame appears from out of thin air!
The puff of flame hits you. You resist.
* * * LOW HITPOINT WARNING * * *
You feel less confused.
Sigmund appears from thin air!
Reactivating autopickup.
Sigmund gestures at you while chanting.
The magic dart hits you but does no damage.
It was a potion of cancellation.
Your magical effects are unravelling.
You feel magically purged.
Your resistance to elements expires.
Sigmund barely misses you.
It was a potion of mutation.
You feel extremely strange.
Your mouth lengthens and hardens into a beak!
Your vision sharpens.
Your toenails lengthen and sharpen.
Sigmund hits you but does no damage.
Sigmund zaps a wand.
The puff of flame hits you.
You die...

########## #........####
..h.... #.##........#
S...... #.##.#...##.#
....... #.##.#.#.<#.#######
....... #..................
....... #.##.#....#.#######
.......
#.##.######@########.......
#>.............@...........
####.#.####################
#.#.##########
#.#.##........
#.#.##........
#.#.#<........
#.#.#.#.##.... #.#.#.#.# .


You could see Sigmund.

Vanquished Creatures
  2 adders (D:2)
  An ooze (D:2)
  A leopard gecko (D:1)
  2 giant cockroaches (D:1)
  3 goblins (D:1)
  4 hobgoblins (D:1)
  2 jackals (D:2)
  4 bats (D:1)
  2 frilled lizards (D:1)
  A kobold (D:1)
  4 rats
26 creatures vanquished.

Notes
Turn   | Place    | Note
-------+----------+-------------------------------------------
     0 | Abyss:1  | nothank2 the Demonspawn Abyssal Knight began the quest for
                  | the Orb.
     0 | Abyss:1  | Reached XP level 1. HP: 18/18 MP: 2/2
     3 | D:1      | Escaped the Abyss
   192 | D:1      | Reached * piety under Lugonu
   193 | D:1      | Gained mutation: You have a pair of small antennae on your
                  | head. [demonic ancestry]
   193 | D:1      | Reached XP level 2. HP: 21/24 MP: 3/3
   789 | D:2      | Gained mutation: You are partially covered in molten
                  | scales. (AC +2) [demonic ancestry]
   789 | D:2      | Reached XP level 3. HP: 14/29 MP: 4/4
  1009 | D:2      | Noticed Sigmund
  1040 | D:2      | Gained mutation: You have a beak for a mouth. [potion of
                  | mutation]
  1040 | D:2      | Gained mutation: You have supernaturally acute eyesight.
                  | (SInv) [potion of mutation]
  1040 | D:2      | Gained mutation: You have sharp toenails. [potion of
                  | mutation]
  1043 | D:2      | Killed from afar by Sigmund

Illustrated notes

Levels and vault maps discovered:
D:1:      lemuel_arrival_behind_the_door_large, layout_basic
D:2:      layout_basic, uniq_sigmund

Skill      XL: |  1  2 |
---------------+-------+-----
Long Blades    | 2 3 |  3.6
Fighting       | |  3.0
Armour         | |  1.7
Dodging        | |  0.8
Invocations    | |  2.4

Action                   || total
-------------------------++-------
Melee: Falchion          ||    82
Invok: Depart the Abyss  ||     1
  Use: Potion            ||     3
Armor: Leather armour    ||     5
       Plate armour      ||    49
Dodge: Dodged            ||    23
       Rpst.: Falchion   ||     7
